 Dungeon Crawl Stone Soup version 0.31.0-9-g3a7656b989 (webtiles) character file.

Game seed: 6375173682057618372

159 qw the Skirmisher (level 5, 0/29 HPs)
             Began as a Deep Elf Hunter on Feb 2, 2024.
             Incinerated by a bombardier beetle (5 damage)
             ... with a burning spray
             ... on level 3 of the Dungeon.
             The game lasted 00:00:08 (2000 turns).

qw the Skirmisher (Deep Elf Hunter)                 Turns: 2000, Time: 00:00:09

Health: 0/29       AC:  6    Str: 10    XL:     5   Next: 17%
Magic:  7/7        EV: 11    Int: 14    God:
Gold:   114        SH:  0    Dex: 18    Spells: 4/4 levels left

rFire   . . .        a - +0 shortbow
rCold   . . .        (shield currently unavailable)
rNeg    . . .        g - +1 ring mail "Ugaci" {Will+}
rPois   .            (no helmet)
rElec   .            (no cloak)
rCorr   .            (no gloves)
SInv    .            (no boots)
Will    +....        (no amulet)
Stlth   +            (no ring)
HPRegen 0.24/turn    (no ring)
MPRegen 0.10/turn

%: no passive effects
@: on fire, glowing
A: no striking features
a: no special abilities


You were on level 3 of the Dungeon.
You visited 1 branch of the dungeon, and saw 4 of its levels.

You collected 114 gold pieces.


   Skills:
 - Level 1.5 Fighting
 + Level 8.6 Ranged Weapons
 - Level 2.4 Dodging
 - Level 1.2 Stealth


You had 4 spell levels left.
You didn't know any spells.
Your spell library was empty.

Inventory:

Hand Weapons
 a - a +0 shortbow (weapon)
Armour
 g - the +1 ring mail "Ugaci" (worn) {Will+}
   (You found it on level 2 of the Dungeon)

   Will+:     It increases your willpower.
Wands
 e - a wand of iceblast (2)
 f - a wand of charming (10)
Potions
 b - a potion of haste {unknown}
 d - a potion of heal wounds {unknown}
 h - 2 potions of curing

Dungeon Overview and Level Annotations

Branches:
Dungeon (4/15)
 Temple: D:4-7

Altars:


Message History

You shoot an arrow. The arrow closely misses the goblin.
The goblin closely misses you.
You shoot an arrow. The arrow hits the goblin!
You kill the goblin!
A bombardier beetle comes into view.
You shoot an arrow.
The arrow barely misses the bombardier beetle.
The bombardier beetle bites you but does no damage.
You shoot an arrow.
The arrow hits the bombardier beetle but does no damage.
You shoot an arrow. The arrow hits the bombardier beetle.
The bombardier beetle is moderately wounded.
The bombardier beetle bites you but does no damage.
You shoot an arrow.
The arrow completely misses the bombardier beetle.
The bombardier beetle barely misses you.
You shoot an arrow. The arrow hits the bombardier beetle.
The bombardier beetle is heavily wounded.
You shoot an arrow. The arrow hits the bombardier beetle.
The bombardier beetle is severely wounded.
The bombardier beetle sprays incendiary fluid at you.
The burning spray hits you.
You are covered in liquid fire!
You shoot an arrow. The arrow hits the bombardier beetle.
You kill the bombardier beetle!
The liquid fire burns you!
You have reached level 5!
You are on fire!
The liquid fire burns you!
You are on fire!
The liquid fire burns you!
You are on fire!
The liquid fire burns you!
You are on fire!
The liquid fire burns you!
You are on fire!
The liquid fire burns you!
You are on fire!
The liquid fire burns you!
You die... ################### #.@................ #%################# #. #. #. #. #. #.

There were no monsters in sight!

Vanquished Creatures
  A jelly (D:4)
  A bombardier beetle (D:3)
  A gnoll (D:1)
  2 adders
  2 dart slugs (D:1)
  A ribbon worm (D:2)
  2 endoplasms (D:2)
  4 giant cockroaches
  7 hobgoblins
  7 jackals
  4 quokkas
  3 ball pythons
  7 bats
  3 frilled lizards
  6 goblins
  6 kobolds
  7 rats
64 creatures vanquished.

Notes
Turn   | Place    | Note
-------+----------+-------------------------------------------
     0 | D:1      | qw the Deep Elf Hunter began the quest for the Orb.
     0 | D:1      | Reached XP level 1. HP: 12/12 MP: 3/3
     0 | D:1      | 0 ||| qw: Version: 0.3-a-155-g5e7d8dd
     0 | D:1      | 0 ||| qw: Game counter: 2223
     0 | D:1      | 0 ||| qw: Melee chars always use a shield: true
     0 | D:1      | 0 ||| qw: God list: Okawaru
     0 | D:1      | 0 ||| qw: Allow faded altars: false
     0 | D:1      | 0 ||| qw: Do Orc after clearing Dungeon:15 true
     0 | D:1      | 0 ||| qw: Do second Lair branch before Depths: true
     0 | D:1      | 0 ||| qw: Lair rune preference: random
     0 | D:1      | 0 ||| qw: Goals: Normal
     0 | D:1      | 0 ||| PLANNING D:1-11
   106 | D:1      | Reached skill level 6 in Ranged Weapons
   106 | D:1      | Reached XP level 2. HP: 13/16 MP: 4/4
   439 | D:1      | Reached XP level 3. HP: 20/20 MP: 5/5
   641 | D:1      | Reached skill level 7 in Ranged Weapons
   942 | D:1      | 942 ||| DROPPING scarf of shadows.
   943 | D:1      | 943 ||| READING scroll labelled MATIEV OCITEN.
   948 | D:1      | 948 ||| READING 3 scrolls labelled EFUOLA HEISK.
   948 | D:1      | 948 ||| IDENTIFYING purple potion
   949 | D:1      | 949 ||| READING 2 scrolls of identify.
   949 | D:1      | 949 ||| IDENTIFYING bubbling red potion
   950 | D:1      | 950 ||| READING scroll of identify.
   950 | D:1      | 950 ||| IDENTIFYING scroll labelled PEHIAPT LAMOU
   951 | D:1      | 951 ||| DROPPING scroll of butterflies.
   952 | D:1      | 952 ||| DROPPING potion of degeneration.
   953 | D:1      | 953 ||| DROPPING scroll of fear.
  1218 | D:2      | Reached XP level 4. HP: 25/25 MP: 6/6
  1260 | D:2      | You fall into a shaft and drop 2 floors!
  1266 | D:4      | 1266 ||| READING scroll labelled QAUBRUYPPE.
  1283 | D:4      | Reached skill level 8 in Ranged Weapons
  1287 | D:4      | 1287 ||| FLEEEEING.
  1288 | D:4      | 1288 ||| FLEEEEING.
  1289 | D:4      | 1289 ||| FLEEEEING.
  1296 | D:4      | 1296 ||| FLEEEEING.
  1297 | D:4      | 1297 ||| STAIRDANCE
  1855 | D:2      | Identified the +1 ring mail "Ugaci" {Will+}
  1873 | D:2      | 1873 ||| UPGRADING to +1 ring mail "Ugaci" {Will+}.
  1883 | D:2      | 1883 ||| DROPPING +0 leather armour.
  1995 | D:3      | Reached XP level 5. HP: 22/29 MP: 7/7
  1998 | D:3      | HP: 7/29 [burnt (2)]
  2000 | D:3      | Incinerated by a bombardier beetle

Levels and vault maps discovered:
D:1:      dpeg_arrival_fog, layout_basic, minmay_small_reverse_x
D:2:      layout_loops_corners, serial_bayou_pond_e, grunt_ministairs_6
D:3:      layout_basic
D:4:      layout_loops_cross, lemuel_coloured_pillars_altar,
          gammafunk_ghost_mausoleum, minmay_hedge_maze, uniq_ijyb, uniq_edmund

Skill      XL: |  1  2  3  4 |
---------------+-------------+-----
Ranged Weapons | 6 7 8 |  8.6
Fighting       | |  1.5
Dodging        | |  2.4
Stealth        | |  1.2

Action                     |  1- 3 |  4- 6 || total
---------------------------+-------+-------++-------
   Fire: Shortbow          |   118 |    66 ||   184
    Use: Scroll            |     4 |     1 ||     5
 Armour: Leather armour    |    22 |     8 ||    30
         Ring mail         |       |     2 ||     2
  Dodge: Dodged            |    26 |    26 ||    52

Table legend:
 A = Non-vault XP
 B = Vault XP
 C = Vault XP percentage of total XP
 D = Non-vault monster count
 E = Vault monster count
 F = Vault count percentage of total count
                 A         B        C        D         E       F
            +---------+---------+-------+---------+---------+-------
      Total |     220 |       8 |   3.5 |      58 |       6 |   9.4
            +---------+---------+-------+---------+---------+-------
        D:1 |      61 |       4 |   6.2 |      27 |       4 |  12.9
        D:2 |      57 |       4 |   6.6 |      26 |       2 |   7.1
        D:3 |      44 |       0 |   0.0 |       2 |       0 |   0.0
        D:4 |      58 |       0 |   0.0 |       3 |       0 |   0.0
            +---------+---------+-------+---------+---------+-------
